 Dungeon Crawl Stone Soup version 0.18.1-50-g88ac8fd (webtiles) character file.

727 lorenzova the Poker (level 7, -4/50 HPs)
             Began as a Merfolk Skald on Oct 17, 2016.
             Slain by an orc priest
             ... wielding a +0 hand axe
              (5 damage)
             ... on level 6 of the Dungeon.
             The game lasted 00:08:35 (5692 turns).

lorenzova the Poker (Merfolk Skald)                 Turns: 5692, Time: 00:08:36

Health: -4/50      AC:  5    Str: 18    XL:     7   Next: 72%
Magic:  5/13       EV: 14    Int: 11    God:
Gold:   175        SH:  0    Dex: 13    Spells: 2 memorised, 11 levels left

rFire  . . .     SeeInvis +     a - +0 spear
rCold  . . .     Gourm    .     b - +0 leather armour
rNeg   . . .     Faith    .     (no shield)
rPois  .         Spirit   .     (no helmet)
rElec  .         Dismiss  .     u - +0 cloak
rCorr  .         Reflect  .     z - +0 pair of gloves {Str+3}
SustAt .         Harm     .     (no boots)
MR     .....                    n - amulet of rage
Stlth  +.........               (no ring)
                                C - ring of see invisible

@: infused, singing (expiring), very slightly contaminated, not resistant to
hostile enchantments, very unstealthy
A: change form in water, swift swim
a: Stop Singing, Evoke Berserk Rage


You were on level 6 of the Dungeon.
You were hungry.

You visited 1 branch of the dungeon, and saw 6 of its levels.

You collected 336 gold pieces.
You spent 161 gold pieces at shops.

Inventory:

Hand Weapons
 a - a +0 spear (weapon)
Armour
 b - a +0 leather armour (worn)
 u - a +0 cloak (worn)
 z - a +0 pair of gloves of strength (worn)
Jewellery
 n - an amulet of rage (around neck)
 C - a ring of see invisible (left hand)
Wands
 o - a wand of paralysis (7/24)
 x - a wand of slowing (32/48)
 A - a wand of iceblast (4/15)
 B - a wand of iceblast (5/15)
Scrolls
 e - a scroll of noise {unknown}
 g - 4 scrolls of identify
 i - a scroll of random uselessness {unknown}
 l - a scroll of teleportation {unknown}
 p - a scroll of fog {unknown}
 r - 5 scrolls of remove curse {unknown}
 t - a scroll of recharging {unknown}
 v - a scroll of magic mapping {unknown}
 y - a scroll of enchant armour {unknown}
 D - a scroll of blinking {unknown}
Potions
 f - 3 potions of degeneration {unknown}
 h - 7 potions of lignification {unknown}
 j - a potion of agility {unknown}
 k - a potion of curing
 m - a potion of brilliance {unknown}
 s - 2 potions of might {unknown}
 w - 2 potions of flight {unknown}
 E - 3 potions of invisibility {unknown}
Books
 c - a book of Battle

   Spells                             Type                      Level
   a - Infusion                       Charms                       1
   b - Shroud of Golubria             Charms/Translocation         2
   c - Song of Slaying                Charms                       2
   d - Spectral Weapon                Hexes/Charms                 3
   e - Regeneration                   Charms/Necromancy            3
 F - a book of the Earth

   Spells                             Type                      Level
   a - Leda's Liquefaction            Hexes/Earth                  4
   b - Bolt of Magma                  Conjuration/Fire/Earth       5
   c - Statue Form                    Transmutation/Earth          6
   d - Iron Shot                      Conjuration/Earth            6
   e - Shatter                        Earth                        9
Comestibles
 d - 3 bread rations
 q - a beef jerky


   Skills:
 - Level 2.1 Fighting
 + Level 6.4 Polearms
 - Level 0.6 Armour
 + Level 5.5 Dodging
 + Level 4.2 Spellcasting
 + Level 5.5 Charms


You had 11 spell levels left.
You knew the following spells:

 Your Spells              Type           Power        Failure   Level  Hunger
a - Infusion              Chrm           ##..         2%          1    #......
b - Song of Slaying       Chrm           ##......     4%          2    ##.....


Dungeon Overview and Level Annotations

Branches:
Dungeon (6/15)             Temple (0/1) D:5

Altars:
Fedhas
Nemelex Xobeh

Shops:
D:4 %[   D:5 *

Annotations:
D:5 1 exclusion, Sigmund


Message History

You hit the orc priest.
The orc priest is heavily wounded.
The orc misses you. The orc priest closely misses you.
The orc wizard barely misses you.
You hit the orc priest.
The orc priest is severely wounded.
Your song is almost over.
The orc hits you with a short sword.
* * * LOW HITPOINT WARNING * * *
You hit the orc priest.
The orc priest is almost dead.
The orc priest looks braver for a moment.
The orc wizard hits you with a dagger.
* * * LOW HITPOINT WARNING * * *
You closely miss the orc priest.
The orc priest is almost dead.
The orc hits you with a short sword.
* * * LOW HITPOINT WARNING * * *
The orc priest hits you with a hand axe.
You die... ....# ..... ..# ....# ...... #..# oo.

.. .....##...# ##.#
... #..##...# #..#
.... #..##..# ##.##
#...##......# #..#
...#.......#.o#####.##
#......#......@##....#
.....#.......oo##.####
...............##.#
....................#
.................####
.................##
..................#
..................#
..................#


You could see an orc priest, an orc wizard and an orc.

Vanquished Creatures
  The ghost of lorenzova the Charmwright, an amateur MfSk (D:4)
  A centaur (D:5)
  A giant frog (D:6)
  A water moccasin zombie (D:5)
  A hound (D:6)
  A centaur skeleton (D:5)
  An iguana (D:4)
  Natasha (thrice) (D:4)
  4 worker ants
  6 adders
  A shadow imp (D:5)
  An adder skeleton (D:4)
  2 worms
  A dart slug (D:1)
  4 giant geckos
  3 orcs
  3 giant cockroaches
  6 goblins
  5 hobgoblins
  11 jackals
  9 bats
  2 giant gecko skeletons
  5 giant newts
  13 kobolds
  A quokka zombie (D:5)
  A rat (D:1)
88 creatures vanquished.

Notes
Turn   | Place    | Note
--------------------------------------------------------------
     0 | D:1      | lorenzova the Merfolk Skald began the quest for the Orb.
     0 | D:1      | Reached XP level 1. HP: 16/16 MP: 3/3
   339 | D:1      | Reached XP level 2. HP: 21/22 MP: 5/5
   351 | D:1      | Learned a level 2 spell: Song of Slaying
  1063 | D:2      | Reached XP level 3. HP: 8/27 MP: 0/6
  1355 | D:2      | Found a blossoming altar of Fedhas.
  1584 | D:2      | Reached XP level 4. HP: 23/33 MP: 3/7
  1838 | D:2      | Reached skill level 4 in Polearms
  2717 | D:4      | Found Namiryq's Armour Boutique.
  2757 | D:4      | Bought a +0 pair of gloves of strength for 161 gold pieces
  2788 | D:4      | Noticed lorenzova's ghost (amateur MfSk)
  2822 | D:4      | Killed lorenzova's ghost
  2822 | D:4      | Reached XP level 5. HP: 16/38 MP: 1/9
  3060 | D:4      | Noticed Natasha
  3064 | D:4      | Killed Natasha
  3064 | D:4      | Reached skill level 5 in Polearms
  3064 | D:4      | Reached XP level 6. HP: 40/44 MP: 5/11
  3089 | D:4      | Noticed Natasha
  3103 | D:4      | Killed Natasha
  3138 | D:4      | Noticed Natasha
  3147 | D:4      | Killed Natasha
  3572 | D:4      | Found Vietoij's Food Shop.
  4136 | D:5      | Entered Level 5 of the Dungeon
  4136 | D:5      | Found Ficu's General Store.
  4223 | D:5      | Reached skill level 5 in Charms
  4342 | D:5      | Reached XP level 7. HP: 45/50 MP: 8/12
  4400 | D:5      | Reached skill level 5 in Dodging
  4719 | D:5      | Found a staircase to the Ecumenical Temple.
  4767 | D:5      | Noticed Sigmund
  5106 | D:5      | Reached skill level 6 in Polearms
  5250 | D:5      | Found a sparkling altar of Nemelex Xobeh.
  5330 | D:6      | HP: 2/50 [poisoned by a worker ant]
  5691 | D:6      | HP: 2/50 [orc wizard/dagger (2)]
  5692 | D:6      | Slain by an orc priest

Skill      XL: |  1  2  3  4  5  6  7 |
---------------+----------------------+-----
Dodging        | 2 3 4 5 |  5.5
Polearms       | 4 5 6 |  6.4
Spellcasting   | 3 4 |  4.2
Charms         | 4 5 |  5.5
Fighting       | |  2.1
Armour         | |  0.6

Action                   |  1- 3 |  4- 6 |  7- 9 || total
-------------------------+-------+-------+-------++-------
Melee: Spear             |   122 |   244 |   129 ||   495
 Cast: Infusion          |     4 |     9 |     6 ||    19
       Song of Slaying   |       |       |     1 ||     1
 Abil: Evoke Berserk Rag |       |     1 |       ||     1
  Use: Scroll            |       |     3 |       ||     3
       Potion            |       |       |     1 ||     1
 Stab: Sleeping          |     1 |       |       ||     1
  Eat: Chunk             |     1 |     5 |     3 ||     9
       Meat ration       |       |     1 |       ||     1
       Royal jelly       |       |       |     1 ||     1
Armor: Leather armour    |    28 |    50 |    37 ||   115
Dodge: Dodged            |    62 |   120 |   114 ||   296
